 Dungeon Crawl Stone Soup version 0.20.1-1-g8b1a95d (webtiles) character file.

41 Charly the Sneak (level 3, 4/19 HPs)
             Began as a Spriggan Abyssal Knight on July 22, 2017.
             Was a Follower of Lugonu.
             Quit the game on level 5 of the Dungeon.
             The game lasted 00:05:31 (589 turns).

Charly the Sneak (Spriggan Abyssal Knight)           Turns: 589, Time: 00:05:31

Health: 4/19       AC:  2    Str:  8    XL:     3   Next: 32%
Magic:  5/5        EV: 19    Int: 13    God:    Lugonu [*.....]
Gold:   26         SH:  0    Dex: 16    Spells: 2/2 levels left

rFire    . . .     SeeInvis +   a - +1 short sword
rCold    . . .     Gourm    .   (shield restricted)
rNeg     . . .     Faith    .   b - +0 robe
rPois    .         Spirit   .   (helmet restricted)
rElec    .         Reflect  .   (no cloak)
rCorr    .         Harm     .   (gloves unavailable)
MR       .....                  (boots unavailable)
Stlth    +++.......             (no amulet)
Regen    0.1/turn               (no ring)
MPRegen  0.1/turn               (no ring)

@: lethally poisoned (4 -> -2), very quick
A: unfitting armour, see invisible, herbivore 3, speed 3, slow metabolism 2
a: Depart the Abyss, Renounce Religion


You were on level 5 of the Dungeon.
You worshipped Lugonu.
Lugonu was aware of your devotion.
You were very full.

You visited 1 branch of the dungeon, and saw 6 of its levels.
You visited the Abyss 1 time.

You collected 26 gold pieces.

Inventory:

Hand Weapons
 a - a +1 short sword (weapon)
 d - a +0 dagger
Missiles
 g - 19 poisoned needles
Armour
 b - a +0 robe (worn)
Scrolls
 e - 2 scrolls of identify {unknown}
 f - 2 scrolls of blinking {unknown}
 h - a scroll of enchant armour {unknown}
 i - a scroll of recharging {unknown}
 j - a scroll of teleportation {unknown}
 k - a scroll of immolation {unknown}
Comestibles
 c - 3 bread rations


   Skills:
 - Level 2.4 Fighting
 - Level 2.1 Short Blades
 - Level 3.5 Dodging
 + Level 4.9 Stealth
 - Level 1.7 Invocations


You had 2 spell levels left.
You didn't know any spells.

Dungeon Overview and Level Annotations

Branches:
Dungeon (6/15)
 Temple: D:4-7

Altars:
Ru


Innate Abilities, Weirdness & Mutations

You are very small and have problems with some larger weapons.
You are too small for most types of armour.
You have supernaturally acute eyesight. (SInv)
You are a herbivore.
You cover ground extremely quickly.
You need consume almost no food.


Message History

You feel sick. The adder barely misses you.
A giant cockroach comes into view.
You feel sick.
The helpless giant cockroach fails to defend itself.
You puncture the giant cockroach!
You kill the giant cockroach!
Lugonu accepts your kill. As you open the door, it creaks loudly!
You feel sick.
You hear a shout! x3
The adder misses you. The adder bites you.
* * * LOW HITPOINT WARNING * * *
An orc and an orc wizard come into view.
Found a royal jelly.
An orc priest comes into view.
There is an open door here.
The orc shouts!
The crimson imp blinks!
You aren't carrying any potions.
Are you sure you want to abandon this character and quit the game? (Confirm with "yes".)

#. #...#...# .# .......
o#####._.###
.#).o#.......###
...#o#§†o#.†.#.# ###.
#.##.#...#.5.#.# ....
#.##.S#######'.#
##.##....# #....#
######...#@..## ##.#.#
...?.....W...# #...#
###...#...# #.########
####...#########......o..
#......Z...##............
#.##...###>##.###########
#.###.## #.## #†# #...
... .########.########.##


You could see a phantom, an orc wizard, an adder and an orc.

Vanquished Creatures
  A worker ant (D:6)
  A dart slug (D:5)
  A leopard gecko (D:5)
  2 giant cockroaches (D:5)
  A kobold (D:1)
  3 bats (D:1)
  2 frilled lizards (D:1)
  A goblin (D:1)
  2 rats (D:1)
14 creatures vanquished.

Notes
Turn   | Place    | Note
-------+----------+-------------------------------------------
     0 | Abyss:1  | Charly the Spriggan Abyssal Knight began the quest for the Orb.
     0 | Abyss:1  | Reached XP level 1. HP: 11/11 MP: 3/3
    14 | D:1      | Escaped the Abyss
    65 | D:1      | Reached skill level 1 in Stealth
   132 | D:1      | Reached skill level 2 in Stealth
   175 | D:1      | Reached XP level 2. HP: 15/16 MP: 4/4
   261 | D:5      | Entered Level 5 of the Dungeon
   262 | D:5      | Noticed a phantom
   358 | D:4      | Noticed an ogre
   476 | D:5      | Reached skill level 3 in Stealth
   499 | D:6      | Reached skill level 4 in Stealth
   499 | D:6      | Reached XP level 3. HP: 11/19 MP: 5/5
   574 | D:5      | Found a sacrificial altar of Ru.
   589 | D:5      | Quit the game

Skill      XL: |  1  2 |
---------------+-------+-----
Stealth        | 2 4 |  4.9
Fighting       | |  2.4
Short Blades   | |  2.1
Dodging        | |  3.5
Invocations    | |  1.7

Action                   || total
-------------------------++-------
Melee: Short sword       ||    24
       Dagger            ||    10
 Stab: Sleeping          ||     5
  Eat: Fruit             ||     4
Armor: Robe              ||     3
Dodge: Dodged            ||    24
